 Dungeon Sprint DCSS version 0.17-a0-1210-g1e4f09d (webtiles) character file.

650 Kidiri the Covert (level 7, -11/39 HPs)
             Began as a Spriggan Assassin on June 3, 2015.
             Was a Priest of Dithmenos.
             Mangled by an earth elemental (16 damage)
             ... in the Dungeon (Sprint V: "Ziggurat Sprint").
             The game lasted 00:06:34 (821 turns).

Kidiri the Covert (Spriggan Assassin)                Turns: 821, Time: 00:06:36

Health: -11/39     AC:  3    Str:  7    XL:     7   Next: 28%
Magic:  6/12       EV: 31    Int: 13    God:    Dithmenos [***...]
Gold:   0          SH:  0    Dex: 31    Spells: 2 memorised, 6 levels left

rFire  . . .     SeeInvis +     o - +5 quick blade
rCold  . . .     Clarity  .     c - +0 robe
rNeg   . . .     SustAt   .     (shield restricted)
rPois  .         Gourm    .     (helmet restricted)
rElec  .         Spirit   .     d - +0 cloak
rCorr  .         Warding  .     (gloves unavailable)
rMut   .         NoTele   +     (boots unavailable)
MR     +....                    (no amulet)
Stlth  +++++++++.               I - +6 ring of dexterity
                                H - +6 ring of dexterity

@: wreathed by umbra, very quick, somewhat resistant to hostile enchantments,
incredibly stealthy
A: unfitting armour, see invisible, herbivore 3, speed 3, slow metabolism 2
a: Shadow Step, Renounce Religion


You were in the Dungeon.
You worshipped Dithmenos.
Dithmenos was most pleased with you.
You were not hungry.

You visited 1 branch

Inventory:

Hand weapons
 b - a +0 blowgun
 n - a +5 dagger
 o - a +5 quick blade (weapon)
Missiles
 e - 8 poisoned needles
 f - 2 curare-tipped needles
Armour
 c - a +0 robe (worn)
 d - a +0 cloak (worn)
Jewellery
 H - a +6 ring of dexterity (left hand)
 I - a +6 ring of dexterity (right hand)
 J - a +6 ring of intelligence
 K - a +6 ring of intelligence
 L - a +6 ring of strength
 M - a +6 ring of strength
Magical devices
 y - a wand of disintegration (7)
 F - a wand of cold (5)
 G - a wand of draining (5)
Scrolls
 m - 4 scrolls of blinking
 q - 4 scrolls of amnesia
 r - 3 scrolls of recharging
 s - 7 scrolls of fog
 t - a scroll of holy word
 u - 5 scrolls of identify
 v - 5 scrolls of remove curse
 w - 2 scrolls of fear
Potions
 h - 10 potions of curing
 i - 10 potions of heal wounds
 j - 6 potions of haste
 k - 7 potions of magic
 l - 3 potions of berserk rage
 x - 2 potions of brilliance
 z - 2 potions of invisibility
 A - 3 potions of resistance
 C - 5 potions of agility
 D - 5 potions of might
Books
 a - a book of Maledictions

   Spells                             Type                      Level
   a - Corona                         Hexes                        1
   b - Ensorcelled Hibernation        Hexes/Ice                    2
   c - Confuse                        Hexes                        3
   d - Tukima's Dance                 Hexes                        3
   e - Dazzling Spray                 Conjuration/Hexes            3
 B - a book of the Warp

   Spells                             Type                      Level
   a - Recall                         Summoning/Translocation      3
   b - Gell's Gravitas                Hexes/Translocation          3
   c - Control Teleport               Charms/Translocation         4
   d - Force Lance                    Conjuration/Translocation    4
   e - Phase Shift                    Translocation                5
   f - Warp Weapon                    Charms/Translocation         5
   g - Summon Forest                  Summoning/Translocation      5
Comestibles
 g - 5 bread rations
 p - 42 fruits


   Skills:
 * Level 5.8 Fighting
 * Level 6.9 Short Blades
 * Level 7.3 Throwing
 * Level 9.2 Dodging
 * Level 11.4 Stealth
 + Level 1.9 Spellcasting
 + Level 2.1 Hexes
 + Level 1.1 Ice Magic
 + Level 4.2 Invocations
 + Level 5.6 Evocations


You had 6 spell levels left.
You knew the following spells:

 Your Spells              Type           Power        Failure   Level  Hunger
a - Corona                Hex            #......      12%         1    ##.....
b - Ensorcelled Hibernat  Hex/Ice        #.....       21%         2    ###....


Dungeon Overview and Level Annotations

Branches:
Dungeon (1/1)

Altars:
Ashenzari
Cheibriados
Dithmenos
Elyvilon
Fedhas
Gozag
Kikubaaqudgha
Makhleb
Nemelex Xobeh
Okawaru
Qazlal
Ru
Sif Muna
Trog
Vehumet
Xom
Yredelemnul
Zin
The Shining One
Beogh
Jiyva
Lugonu


Innate Abilities, Weirdness & Mutations

You are tiny and cannot use many weapons and most armour.
You have supernaturally acute eyesight.
You are a herbivore.
You cover ground extremely quickly.
You need consume almost no food.


Message History

You hit the earth elemental but do no damage.
The earth elemental is heavily damaged.
The earth elemental misses you.
The earth elemental completely misses you.
You barely miss the earth elemental.
The earth elemental is heavily damaged.
You hit the earth elemental.
The earth elemental is heavily damaged.
The earth elemental completely misses you.
You hit the earth elemental.
The earth elemental is severely damaged.
You hit the earth elemental but do no damage.
The earth elemental is severely damaged.
You hit the earth elemental but do no damage.
The earth elemental is severely damaged.
The earth elemental hits you!!
Ouch! That really hurt!
* * * LOW HITPOINT WARNING * * *
You emit a cloud of dark smoke.
The earth elemental hits you!
You die...

▓........▓........▓
▓.▓....▓.▓.▓....▓.▓
▓........▓........▓
▓▓▓▓▓▓▓▓▓▓▓▓▓▓▓▓▓▓▓
▓..8©8..▓ ▓..[=}..▓
▓..)[}..▓ ▓§.E....▓
▓.@E....▓ ▓..E....▓
▓.......▓ ▓.......▓
▓.......▓ ▓▓▓▓▓▓▓▓▓


You could see 3 earth elementals.

Vanquished Creatures
  A necrophage (D)
  A phantom (D)
  An eye of draining (D)
  3 earth elementals (D)
  2 quasits (D)
  A jelly (D)
  2 iron imps (D)
  A shadow imp (D)
  A white imp (D)
  An ufetubus (D)
  2 oozes (D)
16 creatures vanquished.

Notes
Turn   | Place    | Note
--------------------------------------------------------------
     0 | D        | Kidiri the Spriggan Assassin began the quest for the Orb.
     0 | D        | Reached XP level 1. HP: 10/10 MP: 2/2
     4 | D        | Found an iron altar of Okawaru.
     4 | D        | Found a radiant altar of Vehumet.
     4 | D        | Found a shimmering altar of Xom.
     4 | D        | Found a burning altar of Makhleb.
    15 | D        | Found a deep blue altar of Sif Muna.
    24 | D        | Found a corrupted altar of Lugonu.
    24 | D        | Found a white marble altar of Elyvilon.
    24 | D        | Found a roughly hewn altar of Beogh.
    24 | D        | Found a sparkling altar of Nemelex Xobeh.
    24 | D        | Found a viscous altar of Jiyva.
    24 | D        | Found a bloodstained altar of Trog.
    54 | D        | Became a worshipper of Dithmenos the Shadowed
    56 | D        | Reached skill level 7 in Stealth
    56 | D        | Reached skill level 1 in Invocations
    56 | D        | Reached XP level 2. HP: 13/16 MP: 2/4
    94 | D        | Entered arena 1.
    94 | D        | Noticed a necrophage
    94 | D        | Noticed a phantom
    97 | D        | Killed a necrophage
    97 | D        | Reached skill level 8 in Stealth
    97 | D        | Reached XP level 3. HP: 17/21 MP: 4/6
    97 | D        | Reached XP level 4. HP: 20/25 MP: 4/7
   124 | D        | Killed a phantom
   124 | D        | Reached skill level 5 in Throwing
   124 | D        | Reached skill level 9 in Stealth
   124 | D        | Reached XP level 5. HP: 15/30 MP: 5/9
   270 | D        | Entered arena 2.
   270 | D        | Noticed an iron imp
   270 | D        | Noticed an iron imp
   270 | D        | Noticed a quasit
   301 | D        | Killed a quasit
   301 | D        | Reached skill level 5 in Short Blades
   325 | D        | Killed an iron imp
   325 | D        | Reached skill level 10 in Stealth
   332 | D        | Killed an iron imp
   332 | D        | Reached XP level 6. HP: 16/35 MP: 10/10
   606 | D        | Entered arena 3.
   606 | D        | Noticed a quasit
   610 | D        | Acquired Dithmenos's first power
   614 | D        | Reached skill level 5 in Fighting
   637 | D        | Killed a quasit
   637 | D        | Acquired Dithmenos's second power
   650 | D        | Learned a level 1 spell: Corona
   677 | D        | Learned a level 2 spell: Ensorcelled Hibernation
   678 | D        | Entered arena 4.
   678 | D        | Noticed an eye of draining
   678 | D        | Noticed a jelly
   681 | D        | Killed a jelly
   681 | D        | Reached skill level 5 in Evocations
   685 | D        | Killed an eye of draining
   685 | D        | Reached skill level 1 in Hexes
   719 | D        | Entered arena 5.
   719 | D        | Noticed a swamp drake
   719 | D        | Noticed a fire drake
   719 | D        | Noticed a steam dragon
   719 | D        | Noticed a swamp drake
   719 | D        | Noticed a steam dragon
   721 | D        | Entered arena 6.
   721 | D        | Noticed an earth elemental
   721 | D        | Noticed an earth elemental
   721 | D        | Noticed an earth elemental
   721 | D        | Noticed an earth elemental
   721 | D        | Noticed an earth elemental
   721 | D        | Noticed an earth elemental
   727 | D        | Killed an earth elemental
   727 | D        | Reached skill level 11 in Stealth
   727 | D        | Reached skill level 1 in Spellcasting
   727 | D        | Reached XP level 7. HP: 39/39 MP: 6/12
   729 | D        | Killed an earth elemental
   729 | D        | Reached skill level 1 in Ice Magic
   763 | D        | Killed an earth elemental
   821 | D        | Mangled by an earth elemental

Vault maps used:
D:        sprint_v

Action                   |  1- 3 |  4- 6 |  7- 9 || total
-------------------------+-------+-------+-------++-------
Melee: Quick blade       |     1 |   103 |    85 ||   189
 Cast: Corona            |       |       |     1 ||     1
Invok: Shadow Step       |       |     2 |     1 ||     3
  Use: Potion            |     2 |       |       ||     2
 Stab: Sleeping          |     1 |     5 |     1 ||     7
